 Seeded DCSS version 0.30-a0-585-g93115170b9 (webtiles) character file.

Game seed: 15413956842306844747 (custom seed)

9713 purpskrrrp the Grappler (level 11, -23/157 HPs)
             Began as a Troll Fighter on Jan 1, 2023.
             Was a Follower of Uskayaw.
             Annihilated by Snorg (26 damage)
             ... on level 11 of the Dungeon.
             The game lasted 00:15:53 (7888 turns).

purpskrrrp the Grappler (Troll Fighter)             Turns: 7888, Time: 00:15:53

Health: -23/157    AC:  7    Str: 29 (30) XL:     11   Next: 26%
Magic:  14/14      EV: 13    Int:  4      God:    Uskayaw [*.....]
Gold:   576        SH: 19    Dex:  9      Spells: 10/10 levels left

rFire   . . .      SeeInvis +      - Unarmed
rCold   . . .      Faith    .    h - +5 tower shield
rNeg    . . .      Spirit   .    d - +0 steam dragon scales
rPois   .          Reflect  .    C - +2 hat {Stlth+}
rElec   .          Harm     .    r - +0 cloak
rCorr   .          Rampage  .    (gloves unavailable)
Will    .....                    (boots unavailable) Stlth
                                 (no amulet)
HPRegen 1.26/turn                i - +5 ring of evasion
MPRegen 0.14/turn                s - ring of see invisible

@: berserking, very quick
A: large, unfitting armour, claws 3, regeneration 1, shaggy fur 1, tough skin 1,
camouflage 1, deformed body, deterioration 1, high MP 1
a: Renounce Religion, Stomp


You were on level 11 of the Dungeon.
You worshipped Uskayaw.
Uskayaw was noncommittal.
You visited 1 branch of the dungeon, and saw 11 of its levels.

You collected 576 gold pieces.

Inventory:

Hand Weapons
 p - a +3 whip of holy wrath
 q - a +0 giant club
 H - the +9 rapier of Xaiq {flame, rElec}
   (You found it on level 10 of the Dungeon)

   It burns those it strikes, dealing additional fire damage.
   rElec:     It insulates you from electricity.
Missiles
 x - a throwing net (quivered)
Armour
 a - a +0 robe
 b - a +0 kite shield
 d - +0 steam dragon scales (worn)
 h - a +5 tower shield (worn)
 r - a +0 cloak (worn)
 C - a +2 hat of stealth (worn)
Jewellery
 i - a +5 ring of evasion (left claw)
 l - a ring of resist corrosion
 s - a ring of see invisible (right claw)
Wands
 m - a wand of flame (37)
 v - a wand of iceblast (18)
 D - a wand of mindburst (2)
 I - a wand of acid (3)
Scrolls
 e - 3 scrolls of identify
 o - 3 scrolls of amnesia
 t - a scroll of teleportation
 u - a scroll of immolation
 y - a scroll of fog
 A - 2 scrolls of fear
 F - a scroll of torment {unknown}
Potions
 c - a potion of degeneration
 f - 3 potions of attraction
 g - a potion of ambrosia
 j - 2 potions of curing
 k - a potion of flight
 n - 3 potions of brilliance
 w - 2 potions of berserk rage
 z - a potion of might
 B - 3 potions of haste
 E - a potion of magic {unknown}
 G - a potion of heal wounds {unknown}


   Skills:
 - Level 5.7 Fighting
 + Level 5.5 Dodging
 + Level 8.4 Shields
 * Level 12.3 Unarmed Combat
 + Level 3.8 Invocations


You had 10 spell levels left.
You didn't know any spells.
Your spell library contained the following spells:

 Spells                   Type           Power      Damage    Failure   Level
 Apportation              Tloc           0%         N/A       95%         1
 Necrotise                Necr           0%         1d4       95%         1
 Summon Small Mammal      Summ           0%         N/A       95%         1
 Gell's Gravitas          Tloc           0%         N/A       100%        3
 Lesser Beckoning         Tloc           0%         N/A       100%        3
 Teleport Other           Tloc           0%         N/A       100%        3
 Animate Dead             Necr           0%         N/A       100%        4
 Borgnjor's Vile Clutch   Necr/Erth      0%         N/A       100%        5
 Death Channel            Necr           0%         N/A       100%        6


Dungeon Overview and Level Annotations

Branches:
Dungeon (11/15)            Temple (0/1) D:5            Lair (0/5) D:8
    Orc (0/2) D:11

Altars:
Dithmenos
Elyvilon
Gozag
Hepliaklqana
Ru
Uskayaw
Xom
Yredelemnul
The Shining One

Shops:
D:1 (

Annotations:
D:11 Snorg


Innate Abilities, Weirdness & Mutations

You are too large for most types of armour.
You have claws for hands.
Your natural rate of healing is unusually fast.
You are covered in fur. (AC +1)
You have tough skin. (AC +1)
Your skin changes colour to match your surroundings (Stealth+).
Armour fits poorly on your strangely shaped body.
Your body sometimes deteriorates upon taking damage.
You have an increased reservoir of magic. (+10% MP)


Message History

You block Snorg's attack. Snorg closely misses you. You block Snorg's attack.
You closely miss Snorg.
Snorg is lightly wounded.
You block Snorg's attack. Snorg closely misses you. Snorg claws you!
You are too injured to fight recklessly!
You are too injured to fight recklessly!
You are too injured to fight recklessly!
You are too injured to fight recklessly!
You are too injured to fight recklessly!
You are too injured to fight recklessly!
You are too injured to fight recklessly!
You are too injured to fight recklessly!
You are too injured to fight recklessly!
You are too injured to fight recklessly!
You are too injured to fight recklessly!
You are too injured to fight recklessly!
You closely miss Snorg.
Snorg is lightly wounded.
You block Snorg's attack. Snorg claws you! Snorg misses you.
You block Snorg's attack. x2; Snorg claws you!!
* * * LOW HITPOINT WARNING * * *
Okay, then.
Okay, then.
You can't see any enemies this would affect, really read the scroll of fear?
Okay, then.
A red film seems to cover your vision as you go berserk!
You feel yourself moving faster!
You feel mighty! Snorg misses you. You block Snorg's attack. Snorg claws you.
* * * LOW HITPOINT WARNING * * *
You block Snorg's attack. x2; Snorg closely misses you.
You claw Snorg!
Snorg is moderately wounded.
Snorg bites you!!
* * * LOW HITPOINT WARNING * * *
You block Snorg's attack. x2
You are too berserk!
You barely miss Snorg.
Snorg is moderately wounded.
Snorg bites you!!
You die...

....... .......
....... .......
....... .......####
.(........#
......T@..#
...######.# ..
#....# #.## ...>
#....# #..#
####'###....# #..#
............+ #.##
............######.#
...................#
...................#


You could see Snorg (berserk).

Vanquished Creatures
  Gastronok (D:8)
  Erica (D:8)
  A boulder beetle (D:11)
  A hornet (D:9)
  2 shadows
  A wyvern (D:9)
  12 yaks
  2 steam dragons
  Menkaure (D:5)
  6 water moccasins
  10 orc warriors
  A black bear (D:5)
  3 ice beasts
  4 ogres
  3 centaurs
  3 kobold brigands
  A phantom (D:6)
  3 bullfrogs
  2 gnoll sergeants
  A necrophage (D:6)
  A scorpion (D:6)
  5 wights (D:8)
  3 killer bees (D:9)
  A jelly (D:5)
  A hound (D:7)
  5 orc priests
  Crazy Yiuf (D:5)
  A gnoll bouda (D:8)
  2 iguanas
  Natasha (thrice) (D:2)
  14 orc wizards
  12 gnolls
  6 adders
  A shadow imp (D:4)
  An ufetubus (D:6)
  4 worms
  A dart slug (D:1)
  61 orcs
  4 bats
  2 endoplasms
  10 giant cockroaches
  5 goblins
  5 hobgoblins
  8 jackals
  A quokka (D:2)
  5 ball pythons
  4 frilled lizards
  9 kobolds
  6 rats
241 creatures vanquished.

Vanquished Creatures (others)
  An orc wizard (D:6)
1 creature vanquished.

Grand Total: 242 creatures vanquished

Notes
Turn   | Place    | Note
-------+----------+-------------------------------------------
     0 | D:1      | purpskrrrp the Troll Fighter began the quest for the Orb.
     0 | D:1      | Reached XP level 1. HP: 22/22 MP: 0/0
   430 | D:1      | Found Bavagouz's Weapon Shop.
   565 | D:1      | Reached XP level 2. HP: 29/29 MP: 1/1
   739 | D:2      | Noticed Natasha
   872 | D:2      | Noticed a crimson imp
   885 | D:2      | Killed Natasha
   886 | D:2      | Reached skill level 3 in Unarmed Combat
   886 | D:2      | Reached XP level 3. HP: 36/36 MP: 2/2
   914 | D:2      | Reached XP level 4. HP: 37/44 MP: 3/3
  1011 | D:2      | Noticed Natasha
  1017 | D:2      | Killed Natasha
  1191 | D:2      | Noticed Natasha
  1197 | D:2      | Killed Natasha
  1198 | D:2      | Reached skill level 4 in Unarmed Combat
  1198 | D:2      | Reached XP level 5. HP: 37/53 MP: 4/4
  1300 | D:2      | Found a faded altar of an unknown god.
  1605 | D:2      | Prayed at the altar of an unknown god.
  1605 | D:2      | Became a worshipper of Uskayaw the Reveller
  1605 | D:2      | Reached * piety under Uskayaw
  1677 | D:3      | Reached ** piety under Uskayaw
  1874 | D:3      | Found a sacrificial altar of Ru.
  2449 | D:4      | Reached *** piety under Uskayaw
  2463 | D:4      | Reached **** piety under Uskayaw
  2504 | D:4      | Reached skill level 5 in Unarmed Combat
  2504 | D:4      | Reached XP level 6. HP: 57/61 MP: 5/5
  2962 | D:4      | HP: 2/61 [ogre/+0 giant club (9)]
  3059 | D:5      | Entered Level 5 of the Dungeon
  3060 | D:5      | Noticed Menkaure
  3211 | D:5      | Killed Menkaure
  3212 | D:5      | Reached XP level 7. HP: 49/68 MP: 6/6
  3412 | D:5      | Reached skill level 6 in Unarmed Combat
  3436 | D:5      | Found a runed translucent door.
  3437 | D:5      | Noticed Crazy Yiuf
  3531 | D:5      | Found a staircase to the Ecumenical Temple.
  3776 | D:5      | Killed Crazy Yiuf
  3868 | D:6      | Reached skill level 5 in Shields
  3868 | D:6      | Reached XP level 8. HP: 70/79 MP: 7/7
  3909 | D:6      | Reached skill level 7 in Unarmed Combat
  4182 | D:6      | HP: 2/77 [necrophage (6)]
  4365 | D:6      | Reached skill level 5 in Fighting
  4378 | D:6      | Reached skill level 8 in Unarmed Combat
  4799 | D:6      | Gained mutation: Your body sometimes deteriorates upon
                  | taking damage. [potion of mutation]
  4799 | D:6      | Gained mutation: You have an increased reservoir of magic.
                  | (+10% MP) [potion of mutation]
  4799 | D:6      | Gained mutation: Armour fits poorly on your strangely
                  | shaped body. [potion of mutation]
  4799 | D:6      | Gained mutation: Your skin changes colour to match your
                  | surroundings (Stealth+). [potion of mutation]
  4946 | D:7      | Reached XP level 9. HP: 88/88 MP: 8/8
  5048 | D:7      | Found a hazy altar of Hepliaklqana.
  5255 | D:7      | Reached skill level 9 in Unarmed Combat
  5277 | D:7      | Reached ***** piety under Uskayaw
  5479 | D:8      | Reached skill level 10 in Unarmed Combat
  5577 | D:8      | Noticed Erica
  5583 | D:8      | Killed Erica
  5584 | D:8      | Reached XP level 10. HP: 90/98 MP: 10/10
  5676 | D:8      | Found a staircase to the Lair.
  6125 | D:8      | Noticed Gastronok
  6141 | D:8      | Killed Gastronok
  6142 | D:8      | Reached skill level 11 in Unarmed Combat
  6142 | D:8      | Reached skill level 1 in Invocations
  6591 | D:9      | Reached skill level 5 in Dodging
  6735 | D:9      | Found a shadowy altar of Dithmenos.
  6795 | D:10     | Entered Level 10 of the Dungeon
  6935 | D:10     | Identified the +9 rapier of Xaiq {flame, rElec}
  6946 | D:10     | Found a basalt altar of Yredelemnul.
  7136 | D:10     | Reached XP level 11. HP: 105/105 MP: 9/13
  7293 | D:10     | Reached skill level 12 in Unarmed Combat
  7365 | D:10     | Found a shimmering altar of Xom.
  7503 | D:10     | Found a white marble altar of Elyvilon.
  7565 | D:10     | Found a glowing golden altar of the Shining One.
  7565 | D:10     | Found an opulent altar of Gozag.
  7630 | D:11     | Noticed a boulder beetle
  7676 | D:11     | Killed a boulder beetle
  7760 | D:11     | Found a staircase to the Orcish Mines.
  7878 | D:11     | Noticed Snorg
  7887 | D:11     | HP: 3/157 [Snorg (21)]
  7888 | D:11     | Annihilated by Snorg

Illustrated notes

Levels and vault maps discovered:
D:1:      eino_arrival_tree_alley, layout_loops_cross, serial_shops,
          nicolae_shop_behind_doors
D:2:      layout_basic, shapermc_ecumenical_altar_pompeii, uniq_natasha
D:3:      minmay_roachtagon, layout_basic, mainiacjoe_overflow_chevrons
D:4:      layout_cave_pools, chequers_arboretum, kennysheep_generic_room_10
D:5:      layout_cave_pools, minmay_temple_entry_sparse_star,
          hangedman_decor_diamond_cutter, uniq_crazy_yiuf_cottage, uniq_menkaure
D:6:      layout_loops_ring, hangedman_decor_push, minmay_misc_feat_cross
D:7:      layout_gridville, lemuel_doored_altar, hangedman_minor_gate_pass
D:8:      layout_basic, lair_entry_dummy, minmay_fountain_box,
          nicolae_underground_beach, uniq_gastronok, uniq_erica
D:9:      layout_roguey, grunt_dithmenos_smoke_and_mirrors
D:10:     layout_basic, kennysheep_ying_yang,
          gammafunk_temple_overflow_elements, mainiacjoe_overflow_alcove_2,
          nrook_mini_vaults, minivault_21, hex_tiny
D:11:     layout_irregular_city, hiddenorc2_lemuel, uniq_grum, uniq_snorg

Skill      XL: |  1  2  3  4  5  6  7  8  9 10 11 |
---------------+----------------------------------+-----
Shields        | 3 4 5 6 7 8 |  8.4
Unarmed Combat | 3 4 5 6 8 10 11 12 | 12.3
Fighting       | 3 4 5 |  5.7
Dodging        | 3 5 |  5.5
Invocations    | 3 |  3.8

Action                   |  1- 3 |  4- 6 |  7- 9 | 10-12 || total
-------------------------+-------+-------+-------+-------++-------
Melee: Unarmed           |    58 |   202 |   257 |   288 ||   805
Throw: Throwing net      |       |       |     1 |       ||     1
Invok: Stomp             |       |     1 |       |     9 ||    10
Evoke: Wand              |       |     3 |       |       ||     3
  Use: Scroll            |       |    11 |    11 |     1 ||    23
       Potion            |       |     2 |     2 |     1 ||     5
 Stab: Sleeping          |       |     1 |     3 |     4 ||     8
       Paralysed         |       |     1 |     4 |    12 ||    17
Armor: Robe              |    17 |    60 |    22 |       ||    99
       Steam dragon scal |       |       |     7 |    27 ||    34
Dodge: Dodged            |    13 |    46 |    64 |    95 ||   218
Block: Tower shield      |    32 |   172 |   181 |   227 ||   612
       Kite shield       |     2 |       |       |       ||     2

Table legend: (Time is in decaauts)
 A = Elapsed time spent in this place.
 B = Non-inter-level travel time spent in this place.
 C = Inter-level travel time spent in this place.
 D = Time resting spent in this place.
 E = Time spent auto-exploring this place.
 F = Levels seen in this place.
 G = Mean time per level.
                   A        B        C        D        E       F      G
               +--------+--------+--------+--------+--------+-----+--------+
         Total |   7979 |   7556 |    423 |    461 |   5394 |  11 |  725.4 |
       Dungeon |   7979 |   7556 |    423 |    461 |   5394 |  11 |  725.4 |
               +--------+--------+--------+--------+--------+-----+--------+

Top non-repeatable levels by time:
     D:2: 1005 daAuts
     D:8: 885 daAuts
     D:6: 847 daAuts
    D:10: 832 daAuts
     D:5: 805 daAuts
     D:3: 784 daAuts
     D:4: 764 daAuts
     D:1: 695 daAuts
     D:7: 557 daAuts
     D:9: 538 daAuts
    D:11: 262 daAuts
